 Dungeon Crawl Stone Soup version 0.29.1-1-gd02db6906a (webtiles) character file.

Game seed: 4652337811408899258

567 raistware the Conjurer (level 7, -7/41 HPs)
             Began as an Octopode Conjurer on Oct 20, 2022.
             Mangled by an ogre
             ... wielding a +0 giant club
              (23 damage)
             ... on level 5 of the Dungeon.
             The game lasted 00:07:19 (4932 turns).

raistware the Conjurer (Octopode Conjurer)          Turns: 4932, Time: 00:07:20

Health: -7/41      AC:  1    Str:  7    XL:     7   Next: 33%
Magic:  2/13       EV: 14    Int: 22    God:
Gold:   354        SH:  0    Dex: 16    Spells: 9/14 levels left

rFire   . . .      SeeInvis +   l - +3 dagger
rCold   . . .      Faith    .   (no shield)
rNeg    + . .      Spirit   .   (helmet restricted)
rPois   .          Reflect  .   (no amulet)
rElec   .          Harm     .   e - ring of flight
rCorr   .          Rampage  .   k - ring of positive energy
Will    .....                   r - ring of see invisible
Stlth   ++++......              y - +6 ring of dexterity
HPRegen 0.13/turn               (no ring)
MPRegen 0.13/turn               (no ring)
                                (no ring)
                                (no ring)

@: flying
A: almost no armour, amphibious, 8 rings, camouflage 1, gelatinous body 1,
(nimble swimmer 1), tentacles
a: no special abilities


You were on level 5 of the Dungeon.
You visited 1 branch of the dungeon, and saw 5 of its levels.

You collected 354 gold pieces.

Inventory:

Hand Weapons
 l - a +3 dagger (weapon)
Jewellery
 e - a ring of flight (left tentacle)
 k - a ring of positive energy (right tentacle)
 r - a ring of see invisible (on tentacle)
 y - a +6 ring of dexterity (on tentacle)
Wands
 t - a wand of quicksilver (9)
 B - a wand of flame (17)
Scrolls
 d - 2 scrolls of fear {unknown}
 f - 2 scrolls of silence {unknown}
 j - a scroll of immolation {unknown}
 n - a scroll of poison {unknown}
 q - 3 scrolls of teleportation {unknown}
 s - a scroll of noise {unknown}
 u - a scroll of acquirement {unknown}
 w - a scroll of enchant weapon {unknown}
 A - a scroll of torment {unknown}
Potions
 a - a potion of magic
 c - a potion of mutation
 g - 2 potions of might
 h - 3 potions of curing
 i - 3 potions of flight
 m - a potion of haste {unknown}
 o - 2 potions of degeneration {unknown}
 p - a potion of lignification {unknown}
 v - 4 potions of brilliance
 x - a potion of berserk rage {unknown}
 z - a potion of ambrosia {unknown}
 C - a potion of resistance {unknown}


   Skills:
 + Level 2.6 Dodging
 + Level 3.7 Stealth
 - Level 4.0 Spellcasting
 + Level 6.8 Conjurations
 - Level 2.0 Translocations


You had 9 spell levels left.
You knew the following spells:

 Your Spells              Type           Power      Damage    Failure   Level
a - Magic Dart            Conj           100%       1d8       1%          1
b - Iskenderun's Mystic   Conj/Tloc      23%        2d6       19%         4

Your spell library contained the following spells:

 Spells                   Type           Power      Damage    Failure   Level
 Searing Ray              Conj           68%        2d6       1%          2
 Dazzling Flash           Conj/Hex       38%        N/A       9%          3
 Fulminant Prism          Conj/Hex       9%         3d7       26%         4


Dungeon Overview and Level Annotations

Branches:
Dungeon (5/15)
 Temple: D:4-7

Altars:
Cheibriados
Elyvilon
Fedhas
Qazlal
Uskayaw
Zin

Shops:
D:1 =


Innate Abilities, Weirdness & Mutations

You cannot wear most types of armour.
You are amphibious.
You can wear up to eight rings at the same time.
Your skin changes colour to match your surroundings (Stealth+).
Your rubbery body absorbs attacks. (AC +1, EV +1)
((You are camouflaged when in or above water. (Stealth+)))
You have tentacles for arms and can constrict up to eight enemies at once.


Message History

You hit the hound. Your grab misses the hound.
The hound is severely wounded.
The hound bites you.
Casting: Magic Dart (safe; 1% risk of failure)
Confirm with . or Enter, or press ? or * to list all spells.
The spell is quite dangerous to miscast (19% risk of failure)!
Continue anyway?
Okay, then.
You hit the hound. Your grab misses the hound.
The hound is almost dead.
The hound bites you. x2
You hit the hound but do no damage. Your grab misses the hound.
The hound is almost dead.
The hound barely misses you.
Unknown command.
You hit the hound.
You kill the hound!
Unknown command.
Casting: Iskenderun's Mystic Blast (quite dangerous; 19% risk of failure)
Confirm with . or Enter, or press ? or * to list all spells.
The spell is quite dangerous to miscast (19% risk of failure)!
Continue anyway?
You erupt in a blast of force!
The mystic blast hits the ogre!
The ogre is heavily wounded.
The mystic blast hits the iguana.
The iguana is lightly wounded.
The iguana is knocked back by the mystic blast.
The iguana collides with the ogre!
The ogre is heavily wounded.
The iguana is lightly wounded.
Unknown command.
Casting: Iskenderun's Mystic Blast (quite dangerous; 19% risk of failure)
Confirm with . or Enter, or press ? or * to list all spells.
The spell is quite dangerous to miscast (19% risk of failure)!
Continue anyway?
You erupt in a blast of force!
The mystic blast hits the iguana!
The iguana is severely wounded.
The iguana is knocked back by the mystic blast.
The mystic blast hits the ogre!
The ogre is almost dead.
The ogre hits you with a +0 giant club!!
Ouch! That really hurt!
You die...

....... ## ..........
.###. ......... .....
......... .........
..?... ......... ..l.
<......#
.######)##########.....#
.......)O........+.....+
#....^.@.........#.....#
..####+######....#.....#
#####'#......
#......#####. #......#
#. #......# #. ........#
#. ...####### #. ..( #.


You could see an ogre and an iguana.

Vanquished Creatures
  A black bear (D:5)
  A phantom (D:4)
  3 orc priests (D:4)
  A hound (D:5)
  A jelly (D:5)
  Jessica (D:3)
  An iguana (D:5)
  2 orc wizards (D:4)
  2 hound zombies (D:3)
  A howler monkey zombie (D:3)
  Robin (D:2)
  3 adders
  An adder zombie (D:3)
  3 worms (D:3)
  An adder skeleton (D:3)
  11 orcs
  6 ball pythons
  An endoplasm (D:2)
  3 giant cockroaches
  6 goblins
  10 hobgoblins
  2 quokkas
  A ball python zombie (D:3)
  4 bats
  5 kobolds
  6 rats
78 creatures vanquished.

Vanquished Creatures (others)
  A withered plant (D:3)
1 creature vanquished.

Grand Total: 79 creatures vanquished

Notes
Turn   | Place    | Note
-------+----------+-------------------------------------------
     0 | D:1      | raistware the Octopode Conjurer began the quest for the
                  | Orb.
     0 | D:1      | Reached XP level 1. HP: 11/11 MP: 3/3
   277 | D:1      | Reached XP level 2. HP: 17/17 MP: 0/5
   394 | D:1      | Found a faded altar of an unknown god.
   455 | D:1      | Found Jitruba's Jewellery Shoppe.
  1723 | D:2      | Reached XP level 3. HP: 21/21 MP: 4/7
  1753 | D:2      | Noticed Robin
  1964 | D:2      | Killed Robin
  2335 | D:3      | Found a stormy altar of Qazlal.
  2336 | D:3      | Found a glowing silver altar of Zin.
  2374 | D:3      | Found a white marble altar of Elyvilon.
  2769 | D:3      | Reached XP level 4. HP: 27/27 MP: 7/9
  2914 | D:3      | Learned a level 4 spell: Iskenderun's Mystic Blast
  2984 | D:3      | Noticed Jessica
  3032 | D:3      | Found a blossoming altar of Fedhas.
  3063 | D:3      | Killed Jessica
  3064 | D:3      | Reached skill level 1 in Translocations
  3079 | D:3      | Reached XP level 5. HP: 21/31 MP: 4/11
  3673 | D:4      | Found a hide-covered altar of Uskayaw.
  3701 | D:4      | Reached skill level 5 in Conjurations
  3816 | D:4      | Found a snail-covered altar of Cheibriados.
  3884 | D:4      | Reached XP level 6. HP: 15/36 MP: 4/12
  4320 | D:4      | Reached skill level 6 in Conjurations
  4717 | D:5      | Entered Level 5 of the Dungeon
  4784 | D:5      | Noticed a black bear
  4791 | D:5      | Killed a black bear
  4792 | D:5      | Reached XP level 7. HP: 41/41 MP: 5/13
  4932 | D:5      | Mangled by an ogre

Illustrated notes

Levels and vault maps discovered:
D:1:      minmay_arrival_arboretum_small, layout_basic, serial_shops, shop,
          shapermc_ecumenical_altar_pompeii, minmay_misc_feat_plants
D:2:      layout_loops_cross, uniq_robin
D:3:      minmay_razor_zed, layout_rooms, elyvilon_altar_5,
          nicolae_qazlal_scattered_showers, mainiacjoe_overflow_catwalk_spiral,
          serial_undead, serial_undead_c, serial_undead_e, serial_undead_e,
          serial_undead_f, nrook_loot_triangle, uniq_jessica
D:4:      layout_loops_cross, nicolae_uskayaw_murder_on_the_dancefloor,
          lemuel_doored_altar, hangedman_decor_points
D:5:      cheibrodos_two_vegetables, layout_gridville, lemuel_round_altar,
          minmay_misc_feat_x

Skill      XL: |  1  2  3  4  5  6 |
---------------+-------------------+-----
Spellcasting   | 3 4 |  4.0
Translocations | 1 2 |  2.0
Conjurations   | 5 6 |  6.8
Stealth        | 3 |  3.7
Dodging        | |  2.6

Action                   |  1- 3 |  4- 6 |  7- 9 || total
-------------------------+-------+-------+-------++-------
Melee: Dagger            |    21 |    33 |    15 ||    69
       Tentacles         |     6 |     5 |     5 ||    16
       Constrict         |     5 |     9 |     2 ||    16
 Cast: Magic Dart        |    62 |    85 |     6 ||   153
       Iskenderun's Myst |       |       |     2 ||     2
Evoke: Wand              |       |     2 |       ||     2
  Use: Scroll            |       |     5 |       ||     5
 Stab: Sleeping          |     1 |       |       ||     1
Armor: Skin              |     2 |       |     1 ||     3
Dodge: Dodged            |     8 |    29 |     4 ||    41
